 Dungeon Crawl Stone Soup version 0.32-a0-128-g77eb882913 (webtiles) character file.

Game seed: 3153258609139904070

3599 shadowrider38 the Slicer (level 10, -4/53 HPs)
             Began as a Vine Stalker Fire Elementalist on Feb 8, 2024.
             Was an Initiate of Gozag.
             Slain by an orc warrior
             ... wielding a +0 halberd
              (8 damage)
             ... on level 8 of the Dungeon.
             The game lasted 00:20:02 (11901 turns).

shadowrider38 the Slicer (VSFE)                    Turns: 11901, Time: 00:20:03

Health: -4/53      AC:  3    Str: 10    XL:     10   Next: 10%
Magic:  0/17       EV: 13    Int: 17    God:    Gozag
Gold:   145        SH:  5    Dex: 18    Spells: 11/17 levels left

rFire   + . .        a - +2 dagger (venom)
rCold   . . .        x - +0 buckler
rNeg    . . .        z - +0 robe of Quiet Fog {Will+ Archmagi}
rPois   .            r - +0 hat
rElec   .            m - +0 cloak
rCorr   .            (no gloves)
SInv    .            (no boots)
Will    ++...        (no amulet)
Stlth   ++           f - ring of protection from fire
HPRegen 1.08/turn    (no ring)
MPRegen 0.15/turn

%: guardian spirit, archmagi
@: gold aura
A: fangs 3, regeneration 1, magic shield, antimagic bite, no potion heal 2
a: Renounce Religion, Potion Petition, Call Merchant, Bribe Branch


You were on level 8 of the Dungeon.
You worshipped Gozag.
Gozag was aware of your devotion.
You visited 2 branches of the dungeon, and saw 9 of its levels.
You also visited: Sewer.

You collected 580 gold pieces.
You spent 334 gold pieces at shops.
You paid 101 gold pieces to Gozag.

Inventory:

Hand Weapons
 a - a +2 dagger of venom (weapon)
 t - a +2 dagger of freezing
 G - a +2 dagger of draining
Missiles
 F - 5 curare-tipped darts
 Z - a throwing net
Armour
 m - a +0 cloak (worn)
 r - a +0 hat (worn)
 u - the +0 pair of boots of the Poles {Harm Int+3}
   (You bought it in a shop on level 3 of the Dungeon)

   Int+3:     It affects your intelligence (+3).
   Harm:      It increases damage dealt and taken.
 x - a +0 buckler (worn)
 z - the +0 robe of Quiet Fog (worn) {Will+ Archmagi}
   (You bought it in a shop on level 3 of the Dungeon)

   Will+:     It increases your willpower.
   Archmagi:  It increases the power of your magical spells.
Jewellery
 f - a ring of protection from fire (left hand)
 i - a ring of ice
 B - the ring "Dakees" {Fire rPois Int-4 Dex+2}
   (You took it off a gnoll on level 5 of the Dungeon)

   [ring of fire]

   Fire:      It enhances your fire magic.
   Int-4:     It affects your intelligence (-4).
   Dex+2:     It affects your dexterity (+2).
   rF+:       It protects you from fire.
   rC-:       It makes you vulnerable to cold.
   rPois:     It protects you from poison
Talismans
 d - a maw talisman
Wands
 p - a wand of mindburst (5)
 D - a wand of digging (8)
Scrolls
 c - a scroll of poison
 e - 2 scrolls of noise
 h - 2 scrolls of amnesia
 j - a scroll of fog
 y - a scroll of revelation
 E - a scroll of torment {unknown}
 H - a scroll of vulnerability {unknown}
 I - a scroll of butterflies {unknown}
 T - 7 scrolls of teleportation
Potions
 b - a potion of magic
 g - 4 potions of mutation {unknown}
 k - 5 potions of attraction {unknown}
 l - a potion of might {unknown}
 n - a potion of experience {unknown}
 o - a potion of enlightenment {unknown}
 q - a potion of resistance {unknown}
 s - 4 potions of curing {unknown}
 v - 2 potions of heal wounds {unknown}
 w - 2 potions of brilliance {unknown}
 A - 2 potions of degeneration {unknown}
 C - a potion of ambrosia {unknown}


   Skills:
 - Level 6.0 Fighting
 - Level 8.0 Short Blades
 - Level 4.0 Dodging
 - Level 2.4 Stealth
 + Level 3.9 Shields
 - Level 4.0 Spellcasting
 - Level 1.0 Conjurations
 - Level 6.0 Fire Magic


You had 11 spell levels left.
You knew the following spells:

 Your Spells              Type           Power      Damage    Failure   Level
a - Foxfire               Conj/Fire      88%        2x1d8     5%          1
b - Scorch                Fire           70%        2d7       2%          2
c - Volatile Blastmotes   Fire/Tloc      40%        2d13      19%         3

Your spell library contained the following spells:

 Spells                   Type           Power      Damage    Failure   Level
 Inner Flame              Hex/Fire       20%        N/A       19%         3
 Necrotise                Necr           20%        1d5       22%         1
 Summon Small Mammal      Summ           20%        N/A       22%         1
 Flame Wave               Conj/Fire      22%        2d8       45%         4
 Call Canine Familiar     Summ           5%         N/A       54%         3
 Gell's Gravitas          Tloc           5%         N/A       54%         3
 Teleport Other           Tloc           5%         N/A       54%         3
 Vampiric Draining        Necr           5%         2d6       54%         3
 Summon Blazeheart Golem  Fire/Summ      20%        N/A       54%         4
 Fireball                 Conj/Fire      11%        3d7       82%         5
 Brom's Barrelling Bould  Conj/Erth      7%         2d3       87%         4
 Martyr's Knell           Necr/Summ      5%         N/A       91%         4
 Curse of Agony           Necr           5%         N/A       99%         5
 Iskenderun's Battlesphe  Conj           10%        2d6       99%         5
 Conjure Ball Lightning   Conj/Air       3%         3x3d6     100%        6
 Dispersal                Tloc           2%         N/A       100%        6
 Orb of Destruction       Conj           5%         9d5       100%        7


Dungeon Overview and Level Annotations

Branches:
Dungeon (8/15)             Temple (1/1) D:4            Lair (0/5) D:8
  Sewer (visited)

Altars:
Ashenzari
Dithmenos
Elyvilon
Fedhas
Gozag
Hepliaklqana
Kikubaaqudgha
Makhleb
Nemelex Xobeh
Okawaru
Qazlal
Ru
Sif Muna
Trog
Uskayaw
Vehumet
Wu Jian
Xom
Yredelemnul
Zin
The Shining One

Shops:
D:1 *   D:3 [   D:6 !   D:7 !

Annotations:
D:6 exclusion: downstairs
D:7 exclusion: downstairs


Innate Abilities, Weirdness & Mutations

You have razor-sharp teeth.
Your natural rate of healing is unusually fast.
When hurt, damage is shared between your health and your magic reserves.
Your bite disrupts and absorbs the magic of your enemies.
Potions cannot restore your health.


Message History

You kill the orc wizard!
Casting: Scorch (safe; 2% risk of failure)
Press: ? - help, Q - select action, (/) - cycle Dir - look around, f - activate You feel a surge of power!
Flames lash the orc priest.
The orc priest is severely wounded.
The orc priest's fire resistance burns away.
The orc priest invokes the aid of Beogh against you.
Beogh smites you!
Casting: Scorch (safe; 2% risk of failure)
Press: ? - help, Q - select action, (/) - cycle Dir - look around, f - activate You feel a surge of power!
Flames lash the orc warrior but do no damage.
Casting: Scorch (safe; 2% risk of failure)
Press: ? - help, Q - select action, (/) - cycle Dir - look around, f - activate You feel a surge of power!
Flames lash the orc warrior but do no damage.
The orc priest completely misses you. You block the orc warrior's attack.
Casting: Scorch (safe; 2% risk of failure)
Press: ? - help, Q - select action, (/) - cycle Dir - look around, f - activate You feel a surge of power!
Flames lash the orc warrior.
The orc warrior is moderately wounded.
The orc warrior's fire resistance burns away.
The orc priest miscasts a cantrip.
The orc warrior hits you from afar with a +0 halberd!
Casting: Scorch (safe; 2% risk of failure)
Press: ? - help, Q - select action, (/) - cycle Dir - look around, f - activate You feel a surge of power!
Flames lash the orc warrior.
The orc warrior is burned terribly!
The orc warrior is severely wounded.
The orc priest hits you with a +0 dagger.
The orc warrior hits you from afar with a +0 halberd!
You don't have enough magic to cast this spell.
The orc priest is no longer more vulnerable to fire.
The orc priest misses you.
The orc warrior hits you from afar with a +0 halberd!!
* * * LOW HITPOINT WARNING * * *
You hit the orc priest.
The orc priest is poisoned.
You bite the orc priest.
You kill the orc priest!
The orc warrior hits you with a +0 halberd!
* * * LOW HITPOINT WARNING * * *
Items here: $ ))) [[[.
You hit the orc warrior but do no damage.
The orc warrior is severely wounded.
The orc warrior closely misses you.
You barely miss the orc warrior.
You bite the orc warrior, but do no damage.
The orc warrior is severely wounded.
The orc warrior hits you with a +0 halberd!
You die...
Your body crumbles into a pile of gold.

#.##.### #.##.#..
#.##.#.# #.##.#.#
#.##.#.# #####.#
##.##.#.## #.<..<#
###.........
#.#######...#######.
#.o@[......#...≈...#
#.######.....#...#..
#.# ##...##P..##.
#.### #.#.........
#...# #.#≈...>...≈
#.#.# #.#.........
#.#.# #...##...##.
#.#.# #....#...# .
#.#.# #..#...≈...#


You could see an orc warrior (combustible).

Vanquished Creatures
  A wyvern (D:7)
  5 humans (D:6)
  2 orc warriors
  2 black bears (D:5)
  2 sky beasts
  An ice beast (D:7)
  An ogre (D:5)
  A centaur (D:7)
  A kobold brigand (Sewer)
  3 bullfrogs
  7 scorpions
  A wight (D:8)
  3 bombardier beetles
  3 jellies
  3 hounds
  A gnoll bouda (D:5)
  7 orc priests
  2 iguanas (D:5)
  A sleepcap (D:6)
  Jessica (D:3)
  9 orc wizards
  12 gnolls
  13 adders
  2 shadow imps
  A white imp (D:7)
  5 ribbon worms
  4 dart slugs
  29 orcs
  5 ball pythons
  4 endoplasms
  7 giant cockroaches
  8 goblins
  5 hobgoblins
  2 jackals (D:5)
  9 quokkas
  10 bats
  2 frilled lizards
  15 kobolds
  8 rats
198 creatures vanquished.

Vanquished Creatures (collateral kills)
  7 foxfires
7 creatures vanquished.

Vanquished Creatures (others)
  A human (D:4)
  432 foxfires
433 creatures vanquished.

Grand Total: 638 creatures vanquished

Notes
Turn   | Place    | Note
-------+----------+-------------------------------------------
     0 | D:1      | shadowrider38 the Vine Stalker Fire Elementalist began the
                  | quest for the Orb.
     0 | D:1      | Reached XP level 1. HP: 9/9 MP: 4/4
   292 | D:1      | Reached XP level 2. HP: 13/13 MP: 3/6
   596 | D:1      | Reached XP level 3. HP: 16/16 MP: 1/7
   659 | D:1      | Learned a level 2 spell: Scorch
   663 | D:1      | Learned a level 3 spell: Volatile Blastmotes
   674 | D:1      | Found Qianys's General Store.
  1762 | D:2      | Reached XP level 4. HP: 21/21 MP: 5/8
  1934 | D:2      | Found a shimmering altar of Xom.
  2597 | D:3      | Found Hawkoeje's Antique Armour Boutique.
  2642 | D:3      | Noticed Jessica
  2685 | D:3      | Found a glowing drain.
  2693 | D:3      | Reached skill level 3 in Spellcasting
  2706 | Sewer    | Entered a sewer
  2747 | Sewer    | Noticed a kobold brigand
  2755 | Sewer    | Killed a kobold brigand
  2756 | Sewer    | Reached skill level 1 in Short Blades
  2756 | Sewer    | Reached XP level 5. HP: 25/25 MP: 0/10
  3023 | Sewer    | Noticed a kobold brigand
  3023 | Sewer    | Noticed a kobold brigand
  3493 | D:3      | Reached XP level 6. HP: 23/30 MP: 5/11
  3558 | D:3      | Reached skill level 2 in Short Blades
  4157 | D:3      | Killed Jessica
  4266 | D:4      | Found an ancient bone altar of Kikubaaqudgha.
  4269 | D:4      | Noticed a human
  4270 | D:4      | Killed a human
  4770 | D:4      | Reached XP level 7. HP: 22/35 MP: 1/14
  5171 | D:5      | Entered Level 5 of the Dungeon
  5182 | D:5      | Reached skill level 3 in Fighting
  5182 | D:5      | Reached skill level 3 in Short Blades
  5499 | D:5      | shadowrider38: ??freezing brand
  5499 | D:5      | beem: freezing[1/1]: Increases damage by (on average) 25%
                  | against non-cold-resistant monsters, or 37.5% on vulnerable
                  | monsters. Also slows {cold blooded} monsters. Still
                  | increases damage by 12.5% against monsters with rC+.
  5499 | D:5      | shadowrider38: ??draining brand
  5499 | D:5      | beem: draining brand[1/2]: When used on monsters, has 1/2
                  | chance of doing an additional (dam/4 + 3) damage (on
                  | average) and applying a debuff that reduces HD and is
                  | stackable, refreshable, and lasts 20-30 turns. Checks rN
                  | and only works against natural enemies. Disliked by good
                  | gods. For effect on players, see {drain}.
  5520 | D:5      | Gained mutation: You have razor-sharp teeth. [Vine Stalker
                  | growth]
  5520 | D:5      | Reached XP level 8. HP: 42/42 MP: 15/15
  5582 | D:5      | Reached skill level 4 in Short Blades
  5705 | D:3      | Bought a pair of shimmering boots for 209 gold pieces
  5705 | D:3      | Identified the +0 pair of boots of the Poles {Harm Int+3}
                  | (You bought it in a shop on level 3 of the Dungeon)
  5978 | D:5      | Reached skill level 5 in Short Blades
  6387 | D:4      | Found a staircase to the Ecumenical Temple.
  6482 | Temple   | Entered the Ecumenical Temple
  6843 | D:5      | Reached skill level 6 in Short Blades
  7065 | D:6      | Found Benol's Distillery.
  8016 | D:6      | Reached XP level 9. HP: 23/46 MP: 1/16
  8152 | D:6      | Reached skill level 7 in Short Blades
  8152 | D:6      | Reached skill level 3 in Dodging
  8198 | D:6      | Identified the ring "Dakees" {Fire rPois Int-4 Dex+2}
  8680 | Temple   | Became a worshipper of Gozag Ym Sagoz the Greedy
  8735 | D:7      | Found Wanuasyguk's Distillery.
  9600 | D:7      | Found a shimmering altar of Xom.
  9737 | D:7      | Reached skill level 8 in Short Blades
  9881 | D:3      | Bought a jewelled robe for 125 gold pieces
  9881 | D:3      | Identified the +0 robe of Quiet Fog {Will+ Archmagi} (You
                  | bought it in a shop on level 3 of the Dungeon)
 10664 | D:8      | Found a staircase to the Lair.
 10770 | D:7      | Reached XP level 10. HP: 41/53 MP: 2/17
 11097 | D:7      | Found a shimmering altar of Xom.
 11151 | D:7      | Reached skill level 3 in Shields
 11460 | D:7      | Found Wanuasyguk's Distillery.
 11901 | D:8      | Slain by an orc warrior

Illustrated notes

Levels and vault maps discovered:
D:1:      psy_arrival_radial02, layout_basic, serial_shops, shop,
          minmay_hexomino_f4
D:2:      layout_basic, basic_altar, hex_intersection,
          hangedman_decor_clover_reticule
D:3:      layout_loops_ring, portal_sewer_entry_f, serial_shops,
          nicolae_shop_rolling_square, uniq_jessica
D:4:      kb_forest_paths, layout_loops_cross, tgw_kikubaaqudgha,
          minmay_temple_entry_from_below_b, hangedman_abyss_or_decor_passed,
          amethyst_killhole, kennysheep_doodads, nrook_mini_vaults,
          moated_statue, grunt_decor_one_mirror
D:5:      layout_loops_ring, serial_bayou_lagoon_b
D:6:      layout_loops_ring, nicolae_stop_n_shop_2, minmay_ruffians
D:7:      layout_loops_cross, tgw_xom, serial_shops, kennysheep_mini
D:8:      layout_loops_ring, dpeg_oklobed_lair, bh_walls_and_bars
Temple:   nicolae_temple_bog_church

Skill      XL: |  1  2  3  4  5  6  7  8  9 10 |
---------------+-------------------------------+-----
Fire Magic     | 4 5 6 |  6.0
Spellcasting   | 3 4 |  4.0
Fighting       | 1 2 3 4 5 6 |  6.0
Short Blades   | 1 2 3 6 8 |  8.0
Dodging        | 2 4 |  4.0
Shields        | 2 3 |  3.9
Stealth        | |  2.4
Conjurations   | |  1.0

Action                     |  1- 3 |  4- 6 |  7- 9 | 10-12 || total
---------------------------+-------+-------+-------+-------++-------
  Melee: Dagger            |     4 |    18 |    93 |     3 ||   118
         Bite              |     1 |     3 |    34 |     2 ||    40
         Punch             |       |       |     5 |       ||     5
   Cast: Foxfire           |    69 |    79 |   105 |    16 ||   269
         Scorch            |     2 |    30 |   110 |    10 ||   152
         Volatile Blastmot |       |     1 |       |       ||     1
  Evoke: Wand              |       |       |    12 |       ||    12
    Use: Scroll            |     1 |     5 |     2 |     1 ||     9
   Stab: Sleeping          |     1 |     1 |     6 |       ||     8
 Armour: Robe              |     3 |    27 |    95 |    14 ||   139
  Dodge: Dodged            |    11 |    15 |    83 |     8 ||   117
  Block: Buckler           |       |       |     2 |     7 ||     9

Table legend: (Time is in decaauts)
 A = Elapsed time spent in this place.
 B = Non-inter-level travel time spent in this place.
 C = Inter-level travel time spent in this place.
 D = Time resting spent in this place.
 E = Time spent auto-exploring this place.
 F = Levels seen in this place.
 G = Mean time per level.
                   A        B        C        D        E       F      G
               +--------+--------+--------+--------+--------+-----+--------+
         Total |  11930 |  11010 |    920 |   3741 |   5325 |  10 | 1193.0 |
       Dungeon |  11377 |  10512 |    865 |   3447 |   5251 |   8 | 1422.1 |
        Temple |     57 |      3 |     54 |      0 |      0 |   1 |   57.0 |
         Sewer |    495 |    495 |      0 |    294 |     74 |   1 |  495.0 |
               +--------+--------+--------+--------+--------+-----+--------+

Top non-repeatable levels by time:
     D:7: 2219 daAuts
     D:6: 1771 daAuts
     D:5: 1582 daAuts
     D:2: 1532 daAuts
     D:4: 1511 daAuts
     D:3: 1426 daAuts
     D:1: 982 daAuts
   Sewer: 495 daAuts
     D:8: 352 daAuts
  Temple: 57 daAuts
